 Dungeon Crawl Stone Soup version 0.18-a0-1554-g49b38aa (webtiles) character file.

133 Psiweapon the Grave Robber (level 4, -4/38 HPs)
             Began as a Deep Dwarf Necromancer on Mar 11, 2016.
             Was an Initiate of Qazlal.
             Slain by an ogre
             ... wielding a +0 giant spiked club
              (19 damage)
             ... on level 4 of the Dungeon.
             The game lasted 00:13:05 (2928 turns).

Psiweapon the Grave Robber (Deep Dwarf Necromancer) Turns: 2928, Time: 00:13:05

Health: -4/38      AC:  3    Str: 11    XL:     4   Next: 93%
Magic:  1/7        EV: 13    Int: 17    God:    Qazlal [......]
Gold:   74         SH:  0    Dex: 13    Spells: 3 memorised, 3 levels left

rFire  . . .     SeeInvis .     u - +0 war axe
rCold  . . .     Gourm    .     a - +0 robe
rNeg   . . .     Faith    .     (no shield)
rPois  .         Spirit   .     (no helmet)
rElec  .         Dismiss  .     (no cloak)
rCorr  .         Reflect  .     w - +0 pair of gloves
SustAt .         Harm     .     (no boots)
MR     .....                    (no amulet)
Stlth  ++........               (no ring)
                                (no ring)

@: non-regenerating, not resistant to hostile enchantments, unstealthy
A: damage resistance, recharge devices, sense surroundings 1, slow regeneration
3
a: Device Recharging, Renounce Religion


You were on level 4 of the Dungeon.
You worshipped Qazlal.
Qazlal was noncommittal.
You were not hungry.

You visited 2 branches of the dungeon, and saw 5 of its levels.

You collected 74 gold pieces.

Inventory:

Hand Weapons
 e - a +0 hand axe
 u - a +0 war axe (weapon)
Missiles
 f - a throwing net (quivered)
 i - 109 stones
 t - 3 javelins of penetration
Armour
 a - a +0 robe (worn)
 o - a +0 helmet
 w - a +0 pair of gloves (worn)
Wands
 c - a wand of heal wounds (4/9)
 s - a wand of slowing (25/48)
Scrolls
 h - 7 scrolls of identify {unknown}
 j - a scroll of teleportation {unknown}
 k - a scroll of random uselessness {unknown}
 l - a scroll of fog {unknown}
 m - 3 scrolls of remove curse {unknown}
 p - a scroll of magic mapping {unknown}
 q - 2 scrolls of immolation {unknown}
 r - 2 scrolls of enchant armour {unknown}
Potions
 g - 2 potions of curing {unknown}
 n - a potion of degeneration {unknown}
Books
 b - a book of Necromancy

   Spells                             Type                      Level
   a - Pain                           Necromancy                   1
   b - Animate Skeleton               Necromancy                   1
   c - Vampiric Draining              Necromancy                   3
   d - Regeneration                   Charms/Necromancy            3
   e - Animate Dead                   Necromancy                   4
   f - Control Undead                 Necromancy                   4
Comestibles
 d - a bread ration
 v - a slice of pizza
 x - 2 chunks of flesh
 z - a meat ration


   Skills:
 + Level 1.0 Fighting
 + Level 1.0 Axes
 + Level 2.8 Dodging
 + Level 3.4 Stealth
 + Level 2.5 Spellcasting
 + Level 5.3 Necromancy


You had 3 spell levels left.
You knew the following spells:

 Your Spells              Type           Power        Failure   Level  Hunger
a - Pain                  Necr           ###.         2%          1    #......
b - Animate Skeleton      Necr           N/A          2%          1    #......
c - Vampiric Draining     Necr           ###.......   10%         3    ###....


Dungeon Overview and Level Annotations

Branches:
Dungeon (4/15)             Temple (1/1) D:4

Altars:
Cheibriados
Dithmenos
Elyvilon
Fedhas
Okawaru
Pakellas
Qazlal
Sif Muna
Trog
Yredelemnul
Zin

Annotations:
D:3 Mulkerokala's ghost, amateur KoCK


Innate Abilities, Weirdness & Mutations

You are resistant to damage.
You can recharge devices by infusing magical energy.
You passively map a small area around you.
You do not regenerate naturally.


Message History

The ogre barely resists.
You hit the ogre.
The ogre is moderately wounded.
The ogre misses you.
You slash the ogre!
The ogre is severely wounded.
The ogre hits you with a giant spiked club!
Casting: Pain
Confirm with . or Enter, or press ? or * to list all spells.
Aiming: Vampiric Draining
Press: ? - help, Shift-Dir - straight line, f/p - ogre
Aim: an ogre, wielding a giant spiked club (severely wounded)
The ogre is almost dead.
You feel life coursing into your body. The ogre misses you.
Casting: Vampiric Draining
Confirm with . or Enter, or press ? or * to list all spells.
You don't have enough magic to cast that spell.
The ogre hits you with a giant spiked club!!
Ouch! That really hurt!
You die...

##..... , #.....
,, ##...# ,
.#####*#....# **,
,
......##....#***,
* **#........##,
* > ##...##...##
#
#..#####.Z#.##...
##.# ##@O...# , ,
#..# ##..#.# *
#..# ,....# ##Z.#
.......
#######...#
##.....
....ZZ....# .....
, ..........####
* #... , ,
.............#*
,,... ,
######........, *
,


You could see an ogre and a friendly iguana skeleton.

Vanquished Creatures
  A giant frog skeleton (D:3)
  2 iguanas (D:4)
  An ooze (D:1)
  2 dart slugs (D:1)
  2 giant geckos
  An orc (D:3)
  7 bats
  2 goblins
  3 hobgoblins (D:1)
  2 jackals (D:2)
  8 kobolds
  A quokka (D:2)
  4 giant newts
  7 rats
43 creatures vanquished.

Vanquished Creatures (collateral kills)
  An adder (D:3)
  A goblin (D:2)
  A bat (D:1)
3 creatures vanquished.

Grand Total: 46 creatures vanquished

Notes
Turn   | Place    | Note
--------------------------------------------------------------
     0 | D:1      | Psiweapon the Deep Dwarf Necromancer began the quest for the Orb.
     0 | D:1      | Reached XP level 1. HP: 15/15 MP: 3/3
   231 | D:1      | Reached XP level 2. HP: 20/22 MP: 1/4
   280 | D:1      | Learned a level 1 spell: Animate Skeleton
   755 | D:1      | Reached XP level 3. HP: 15/28 MP: 0/6
   760 | D:1      | Learned a level 3 spell: Vampiric Draining
  1173 | D:2      | Found an oddly glowing altar of Pakellas.
  1173 | D:2      | Noticed an ice dragon
  2240 | D:2      | Reached skill level 5 in Necromancy
  2307 | D:3      | Noticed Mulkerokala's ghost (amateur KoCK)
  2464 | D:3      | Reached XP level 4. HP: 33/37 MP: 7/7
  2615 | D:4      | Found a bloodstained altar of Trog.
  2740 | D:4      | Found a snail-covered altar of Cheibriados.
  2743 | D:4      | Found a staircase to the Ecumenical Temple.
  2756 | Temple   | Entered the Ecumenical Temple
  2808 | Temple   | Became a worshipper of Qazlal Stormbringer
  2852 | D:4      | Reached skill level 1 in Fighting
  2852 | D:4      | Reached skill level 1 in Axes
  2920 | D:4      | Noticed an ogre
  2928 | D:4      | Slain by an ogre

Vault maps used:
D:1:      dpeg_arrival_rooms_c, minmay_misc_feat_five, minmay_misc_feat_alley
D:2:      gammafunk_pakellas_cloud_experiment
D:3:      lemuel_coloured_pillars_altar, patterned_corridor
D:4:      cheibriados_altar_1, kennysheep_mini_moat,
          minmay_temple_entry_statues_fountains, chequers_ossuary_entry_cave,
          gup_sewer_entry_pipe
Temple:   jpeg_temple_alley_garden_8

Skill      XL: |  1  2  3  4 |
---------------+-------------+-----
Spellcasting   | 2 |  2.5
Stealth        | 3 |  3.4
Necromancy     | 5 |  5.3
Fighting       | 1 |  1.0
Axes           | 1 |  1.0
Dodging        | |  2.8

Action                   |  1- 3 |  4- 6 || total
-------------------------+-------+-------++-------
Melee: Hand axe          |    64 |     3 ||    67
       War axe           |       |     5 ||     5
 Cast: Pain              |    35 |     4 ||    39
       Animate Skeleton  |     9 |     1 ||    10
       Vampiric Draining |    11 |     5 ||    16
Evoke: Wand              |     1 |       ||     1
 Stab: Sleeping          |     6 |     1 ||     7
  Eat: Chunk             |     7 |     2 ||     9
